 Dungeon Crawl Stone Soup version 0.24.0-1-gfbc8707122 (webtiles) character file.

Game seed: 12570622207799096059, levelgen mode: deterministic

569 theswoord the Cudgeler (level 7, 0/57 HPs)
             Began as a Demonspawn Abyssal Knight on Oct 28, 2019.
             Was a Priest of Lugonu.
             Slain by Prince Ribbit (5 damage)
             ... on level 7 of the Dungeon.
             The game lasted 00:08:44 (3958 turns).

theswoord the Cudgeler (Demonspawn Abyssal Knight)  Turns: 3958, Time: 00:08:46

Health: 0/57       AC:  8    Str: 14    XL:     7   Next: 11%
Magic:  0/8        EV:  9    Int: 13    God:    Lugonu [***...]
Gold:   211        SH:  0    Dex: 13    Spells: 6/6 levels left

rFire    . . .     SeeInvis .   a - +1 mace (flame)
rCold    . . .     Gourm    .   (no shield)
rNeg     . . .     Faith    .   f - +0 scale mail
rPois    .         Spirit   +   (helmet restricted)
rElec    .         Reflect  .   (no cloak)
rCorr    .         Harm     .   g - +0 pair of gloves
MR       .....                  m - +0 pair of boots
Stlth    ..........             (no amulet)
HPRegen  0.19/turn              (no ring)
MPRegen  0.22/turn              (no ring)

@: no status effects
A: horns 1, mutation resistance 1, robust 1, magic shield, magic regeneration
a: Depart the Abyss, Bend Space, Banish, Renounce Religion


You were on level 7 of the Dungeon.
You worshipped Lugonu.
Lugonu was most pleased with you.
You were not hungry.

You visited 1 branch of the dungeon, and saw 5 of its levels.
You visited the Abyss 1 time.

You collected 211 gold pieces.

Inventory:

Hand Weapons
 a - a +1 mace of flaming (weapon)
Armour
 b - a +0 leather armour
 f - a +0 scale mail (worn)
 g - a +0 pair of gloves (worn)
 m - a +0 pair of boots (worn)
Scrolls
 e - 2 scrolls of identify
 j - 2 scrolls of magic mapping
 p - a scroll of noise
Potions
 l - a potion of degeneration
Comestibles
 c - 8 rations


   Skills:
 - Level 3.0 Fighting
 + Level 7.2 Maces & Flails
 - Level 1.7 Armour
 - Level 0.8 Dodging
 - Level 2.4 Invocations


You had 6 spell levels left.
You didn't know any spells.
Your spell library contained the following spells:

 Spells                   Type           Power        Failure   Level  Hunger
 Magic Dart               Conj           #...         78%         1    ##.....
 Blink                    Tloc           N/A          89%         2    ###....
 Call Imp                 Summ           #.......     89%         2    ###....
 Slow                     Hex            #.......     89%         2    ###....
 Conjure Flame            Conj/Fire      #.......     98%         3    ####...
 Mephitic Cloud           Conj/Pois/Air  #.......     98%         3    ####...


Dungeon Overview and Level Annotations

Branches:
Dungeon (7/15)             Temple (0/1) D:6

Altars:
Gozag
Nemelex Xobeh

Annotations:
D:7 Prince Ribbit


Innate Abilities, Weirdness & Mutations

You have a pair of small horns on your head.
When hurt, damage is shared between your health and your magic reserves.
You regenerate magic rapidly.
You are somewhat resistant to further mutation.
You are robust. (+10% HP)


Message History

* * * LOW HITPOINT WARNING * * *
You closely miss Prince Ribbit.
Prince Ribbit hits you but does no damage.
You miss Prince Ribbit.
You headbutt Prince Ribbit, but do no damage.
Prince Ribbit hits you but does no damage.
Prince Ribbit blinks!
No target in view!
Prince Ribbit hops awkwardly around.
You hit Prince Ribbit. You burn Prince Ribbit.
Prince Ribbit is lightly wounded.
Prince Ribbit hits you!
* * * LOW HITPOINT WARNING * * *
You closely miss Prince Ribbit. You headbutt Prince Ribbit.
Prince Ribbit is lightly wounded.
Prince Ribbit hits you!
* * * LOW HITPOINT WARNING * * *
Prince Ribbit catches a baby bat with his tongue.
Prince Ribbit hits you.
You die...

##....(.....##
#..........##
####.....###
###..## ### #..#
#.### #..#
##..#####.##
###...##.# ##..@..#
###F..# ##..##
#...## #....###.
..... ##........
.......
##..####...........
##..## ##.........
##..#### #..W..# #.


You could see Prince Ribbit.

Vanquished Creatures
  Sigmund (D:6)
  A sky beast (D:7)
  A necrophage (D:6)
  A bullfrog zombie (D:7)
  An orc wizard (D:3)
  Jessica (D:3)
  7 adders
  3 worms
  5 leopard geckos
  4 orcs
  4 giant cockroaches
  8 goblins
  6 hobgoblins
  6 jackals
  2 kobolds (D:2)
  3 quokkas
  3 ball pythons
  6 bats
  8 frilled lizards
  7 rats
78 creatures vanquished.

Vanquished Creatures (others)
  An orc (D:3)
1 creature vanquished.

Grand Total: 79 creatures vanquished

Notes
Turn   | Place    | Note
-------+----------+-------------------------------------------
     0 | Abyss:1  | theswoord the Demonspawn Abyssal Knight began the quest for
                  | the Orb.
     0 | Abyss:1  | Reached XP level 1. HP: 18/18 MP: 2/2
     6 | D:1      | Escaped the Abyss
    52 | D:1      | Reached skill level 2 in Maces & Flails
   150 | D:1      | Gained mutation: You have a pair of small horns on your
                  | head. [demonic ancestry]
   150 | D:1      | Reached XP level 2. HP: 19/24 MP: 3/3
   625 | D:1      | Reached ** piety under Lugonu
   656 | D:1      | Reached skill level 3 in Maces & Flails
   871 | D:2      | Reached XP level 3. HP: 18/29 MP: 4/4
  1322 | D:2      | Gained mutation: When hurt, damage is shared between your
                  | health and your magic reserves. [demonic ancestry]
  1322 | D:2      | Reached XP level 4. HP: 35/35 MP: 5/5
  1324 | D:2      | Reached skill level 4 in Maces & Flails
  2171 | D:3      | Noticed Jessica
  2175 | D:3      | Killed Jessica
  2175 | D:3      | Reached skill level 5 in Maces & Flails
  2175 | D:3      | Gained mutation: You regenerate magic rapidly. [demonic
                  | ancestry]
  2175 | D:3      | Reached XP level 5. HP: 41/41 MP: 6/6
  2627 | D:3      | You fall into a shaft and drop 3 floors!
  2638 | D:6      | Found a staircase to the Ecumenical Temple.
  2639 | D:6      | Noticed a necrophage
  2657 | D:6      | Killed a necrophage
  2657 | D:6      | Reached XP level 6. HP: 46/46 MP: 7/7
  2870 | D:6      | Found a sparkling altar of Nemelex Xobeh.
  2873 | D:6      | Found an opulent altar of Gozag.
  2887 | D:6      | Noticed Sigmund
  2900 | D:6      | Killed Sigmund
  2900 | D:6      | Reached *** piety under Lugonu
  2900 | D:6      | Reached skill level 6 in Maces & Flails
  3302 | D:7      | Noticed Prince Ribbit
  3514 | D:7      | Noticed a sky beast
  3848 | D:7      | Killed a sky beast
  3848 | D:7      | Reached skill level 7 in Maces & Flails
  3848 | D:7      | Reached XP level 7. HP: 9/52 MP: 6/8
  3950 | D:7      | Gained mutation: You are robust. (+10% HP) [potion of
                  | mutation]
  3950 | D:7      | Gained mutation: Your spells are a little easier to cast,
                  | but a little less powerful. [potion of mutation]
  3950 | D:7      | Lost mutation: Your spells are a little easier to cast, but
                  | a little less powerful. [potion of mutation]
  3950 | D:7      | Gained mutation: You are somewhat resistant to further
                  | mutation. [potion of mutation]
  3958 | D:7      | Slain by Prince Ribbit

Skill      XL: |  1  2  3  4  5  6 |
---------------+-------------------+-----
Maces & Flails | 2 3 5 7 |  7.2
Fighting       | |  3.0
Armour         | |  1.7
Dodging        | |  0.8
Invocations    | |  2.4

Action                   |  1- 3 |  4- 6 |  7- 9 || total
-------------------------+-------+-------+-------++-------
Melee: Mace              |   114 |   201 |     4 ||   319
       Headbutt          |     6 |    20 |     2 ||    28
  Use: Scroll            |     7 |     8 |       ||    15
       Potion            |     2 |     7 |     1 ||    10
 Stab: Sleeping          |     1 |       |       ||     1
  Eat: Chunk             |     1 |     6 |       ||     7
       Ration            |       |     1 |       ||     1
Armor: Leather armour    |    31 |       |       ||    31
       Skin              |    21 |       |       ||    21
       Scale mail        |     7 |    94 |     2 ||   103
Dodge: Dodged            |    69 |    96 |       ||   165

Levels and vault maps discovered:
D:1:      ncdulo_wetmaze, layout_basic, fountainhead
D:2:      minmay_inner_zag, layout_rooms
D:3:      layout_loops_corners, first_ration, kennysheep_generic_room_7,
          uniq_jessica, uniq_natasha
D:6:      layout_basic, nicolae_overflow_hidden_temple,
          minmay_temple_entry_ruins, uniq_sigmund
D:7:      layout_layer_cave, nicolae_qazlal_style_of_elements, serial_shops,
          kennysheep_mini_moat, uniq_prince_ribbit1
